 Dungeon Crawl Stone Soup version 0.29-a0-82-g837932c90e (webtiles) character file.

Game seed: 16285751518810964234

3308 willcat the Green Death (level 9, -12/70 HPs)
             Began as a Deep Dwarf Arcane Marksman on Feb 4, 2022.
             Was a High Priest of Fedhas.
             Hit by a large rock thrown by a cyclops (17 damage)
             ... on level 6 of the Dungeon.
             The game lasted 00:25:09 (7795 turns).

willcat the Green Death (DDAM)                      Turns: 7795, Time: 00:25:10

Health: -12/70     AC: 18    Str: 25    XL:     9   Next: 70%
Magic:  22/22 (13) EV: 23    Int: 19    God:    Fedhas [*****.]
Gold:   107        SH:  0    Dex: 17    Spells: 9/10 levels left

rFire   . . .      SeeInvis .   b - +5 dagger of Breach {venom, *Noise Str+7 Dex+4 Stlth+}
rCold   . . .      Faith    .   (no shield)
rNeg    + . .      Spirit   .   n - +0 plate armour
rPois   .          Reflect  .   f - +0 helmet {Int+3}
rElec   .          Harm     .   (no cloak)
rCorr   .          Rampage  .   y - +0 pair of gloves
Will    +....                   (no boots)
Stlth   ..........              i - amulet of the acrobat
HPRegen 0.00/turn               l - ring of positive energy
MPRegen 0.18/turn               j - ring of magical power

@: acrobatic
A: damage resistance, heal wounds, sense surroundings 2, no regeneration,
iridescent scales 1, clever 1
a: Heal Wounds, Renounce Religion, Wall of Briars, Grow Ballistomycete,
Overgrow, Grow Oklob


You were on level 6 of the Dungeon.
You worshipped Fedhas.
Fedhas was extremely pleased with you.
You visited 1 branch of the dungeon, and saw 8 of its levels.
You also visited: Ossuary.

You collected 550 gold pieces.
You spent 443 gold pieces at shops.

Inventory:

Hand Weapons
 a - a +1 hand crossbow of freezing
 b - the +5 dagger of Breach (weapon) {venom, *Noise Str+7 Dex+4 Stlth+}
   (You took it off a kobold on level 3 of the Dungeon)

   It poisons the flesh of those it strikes.
   Str:       It affects your strength (+7).
   Dex:       It affects your dexterity (+4).
   *Noise:    It may make noises in combat.
   Stlth:     It makes you more stealthy.
Missiles
 d - 13 bolts
Armour
 f - a +0 helmet of intelligence (worn)
 n - a +0 plate armour (worn)
 y - a +0 pair of gloves (worn)
Jewellery
 e - a ring of fire
 i - an amulet of the acrobat (around neck)
 j - a ring of magical power (right hand)
 l - a ring of positive energy (left hand)
Wands
 o - a wand of iceblast (11)
 q - a wand of flame (15)
Scrolls
 c - 3 scrolls of blinking
 g - 2 scrolls of identify
 m - 2 scrolls of fear
 p - 4 scrolls of teleportation
 x - 2 scrolls of fog
Potions
 h - 2 potions of haste
 k - 5 potions of brilliance
 t - a potion of flight


   Skills:
 + Level 1.0 Fighting
 + Level 5.8 Short Blades
 - Level 1.1 Maces & Flails
 + Level 8.0 Crossbows
 + Level 7.5 Armour
 + Level 2.3 Dodging
 - Level 1.0 Spellcasting
 - Level 2.4 Hexes
 - Level 8.6 Invocations


You had 9 spell levels left.
You knew the following spells:

 Your Spells              Type           Power      Damage    Failure   Level
a - Slow                  Hex            40%        N/A       63%         1

Your spell library contained the following spells:

 Spells                   Type           Power      Damage    Failure   Level
 Blink                    Tloc           2%         N/A       98%         2
 Inner Flame              Hex/Fire       5%         N/A       99%         3
 Portal Projectile        Hex/Tloc       10%        N/A       99%         3
 Lesser Beckoning         Tloc           1%         N/A       100%        3
 Cause Fear               Hex            5%         N/A       100%        4
 Passage of Golubria      Tloc           1%         N/A       100%        4
 Manifold Assault         Tloc           1%         N/A       100%        5
 Silence                  Hex/Air        2%         N/A       100%        5
 Dragon Form              Tmut           0%         N/A       100%        7
 Lehudib's Crystal Spear  Conj/Erth      0%         10d2      100%        8
 Dragon's Call            Summ           0%         N/A       100%        9


Dungeon Overview and Level Annotations

Branches:
Dungeon (8/15)             Temple (0/1) D:6         Ossuary (visited)
   Lair: D:8-11

Altars:
Ashenzari
Cheibriados
Fedhas
Kikubaaqudgha
Nemelex Xobeh
Trog
Uskayaw
Wu Jian

Shops:
D:1 [   D:7 [   D:8 ?

Annotations:
D:8 2 transporters, siradein's ghost, novice DrFi


Innate Abilities, Weirdness & Mutations

You are resistant to damage.
You can heal yourself by infusing magical energy.
You passively map the area around you.
You do not regenerate.
You are partially covered in iridescent scales. (AC +2)
Your mind is acute. (Int +2)


Message History

a +0 broad axe; 7 poisoned darts; a +0 whip
There is a stone staircase leading up here.
You climb upwards.
There is a stone staircase leading down here.
Unknown command.
(D) Dungeon (T) Temple
Where to? (Enter - D:5, ? - help)
What level of the Dungeon? (default 1, ? - help)
You climb downwards.
There is a stone staircase leading up here.
Unknown command.
Things that are here:
a +0 broad axe; 7 poisoned darts; a +0 whip
Things that are here:
6 poisoned darts; a +0 dagger You see here 12 stones.
d - 11 bolts (gained 1)
d - 12 bolts (gained 1)
d - 13 bolts (gained 1)
You see here a +0 giant club.
A cyclops is nearby!
Okay, then.
Okay, then.
As you read the scroll of fear, it crumbles to dust.
You assume a fearsome visage.
The cyclops looks frightened!
The cyclops shouts!
You now have 98 gold pieces (gained 10).
Found a book of the Moon.
You pick up a book of the Moon and begin reading...
You add the spells Passage of Golubria, Silence and Lehudib's Crystal Spear to your library.
Found a snail-covered altar of Cheibriados.
Found 9 gold pieces.
You now have 107 gold pieces (gained 9).
You see here a +0 dagger.
You see here a +0 giant club.
Found a robe and a manual of Shields.
The cyclops shouts!
The cyclops throws a large rock.
The large rock hits you!!
You die...
Fedhas appreciates your contribution to the ecosystem.

#......#.# * ####.........
#......#.C , #........≈
####...#.##### * * #........≈
#............##########........≈
##.###........#....).......#.##.≈
..............|.##########.#.##.≈
...###...####...## #.......≈ ####
#..## ###..## #.......≈ # #.## ,
##@.# #........ # #.# #:[....#..#
#........ #.#*....... .?$#
######### #. .C.8...,..##
,*.......,.## #......,## *,
#......* ,.#....# , ,


You could see a cyclops.

Vanquished Creatures
  A troll (D:6)
  2 steam dragons (D:8)
  A water moccasin (D:6)
  Duvessa (D:6)
  3 black bears
  3 sky beasts
  2 ogres
  A necrophage (D:7)
  4 kobold brigands
  A gnoll sergeant (D:8)
  A bullfrog (D:6)
  A scorpion (D:6)
  A water moccasin skeleton (D:6)
  Dowan (D:6)
  A howler monkey (D:6)
  2 centaur zombies
  2 jellies
  An orc priest (D:8)
  2 centaur skeletons
  3 hounds
  4 gnoll shamans
  4 iguanas
  3 orc wizards
  A killer bee zombie (D:5)
  A hound skeleton (D:4)
  8 mummies (Ossuary)
  A howler monkey zombie (D:7)
  8 adders
  21 gnolls
  2 white imps (D:6)
  An ufetubus (D:6)
  3 worms
  9 orcs
  4 ball pythons
  7 bats
  8 endoplasms
  4 giant cockroaches
  4 goblins
  6 hobgoblins
  9 jackals
  5 quokkas
  3 frilled lizards
  2 hobgoblin zombies (Ossuary)
  19 kobolds
  3 kobold zombies (Ossuary)
  3 orc zombies (Ossuary)
  6 rats
183 creatures vanquished.

Vanquished Creatures (collateral kills)
  An ice beast (D:5)
  A jelly (D:5)
2 creatures vanquished.

Vanquished Creatures (others)
  4 plants (D:5)
  2 withered plants (D:5)
6 creatures vanquished.

Grand Total: 191 creatures vanquished

Notes
Turn   | Place    | Note
-------+----------+-------------------------------------------
     0 | D:1      | willcat the Deep Dwarf Arcane Marksman began the quest for
                  | the Orb.
     0 | D:1      | Reached XP level 1. HP: 16/16 MP: 2/2
    80 | D:1      | Found a faded altar of an unknown god.
   100 | D:1      | Prayed at the altar of an unknown god.
   100 | D:1      | Became a worshipper of Fedhas Madash
   100 | D:1      | Reached * piety under Fedhas
   116 | D:1      | Reached XP level 2. HP: 24/24 MP: 3/3
   117 | D:1      | Reached skill level 1 in Armour
   470 | D:1      | Reached XP level 3. HP: 23/30 MP: 4/4
   479 | D:1      | Reached ** piety under Fedhas
   657 | D:1      | Found Seerreg's Armour Emporium.
   921 | D:2      | Reached skill level 1 in Maces & Flails
  1006 | D:2      | Gained mutation: Your mind is acute. (Int +2) [potion of
                  | mutation]
  1006 | D:2      | Gained mutation: You are partially covered in iridescent
                  | scales. (AC +2) [potion of mutation]
  1013 | D:2      | Reached skill level 1 in Invocations
  1013 | D:2      | Reached XP level 4. HP: 18/37 MP: 5/5
  1224 | D:3      | Identified the +5 dagger of Breach {venom, *Noise Str+7
                  | Dex+4 Stlth+}
  1402 | D:3      | Reached *** piety under Fedhas
  1481 | D:3      | Reached XP level 5. HP: 15/43 MP: 6/6
  1689 | D:3      | Reached skill level 1 in Short Blades
  2447 | D:4      | Reached XP level 6. HP: 16/50 MP: 8/8
  3206 | D:5      | Entered Level 5 of the Dungeon
  3274 | D:5      | Noticed a sky beast
  3305 | D:5      | Killed a sky beast
  3305 | D:5      | Reached **** piety under Fedhas
  3306 | D:5      | Reached XP level 7. HP: 4/56 MP: 10/10
  3347 | D:5      | Reached skill level 5 in Crossbows
  3403 | D:5      | Found a sand-covered staircase.
  3407 | Ossuary  | Entered an ossuary
  3764 | D:5      | Reached skill level 5 in Invocations
  3944 | D:5      | Found a broken altar of Ashenzari.
  3949 | D:5      | Saw a vision of the Swamp and the Spider Nest.
  3949 | D:5      | Noticed an alligator
  3949 | D:5      | Noticed a vampire mosquito
  3949 | D:5      | Noticed a vampire mosquito
  3949 | D:5      | Noticed an alligator
  3949 | D:5      | Noticed a wolf spider
  3949 | D:5      | Noticed a redback
  3949 | D:5      | Noticed a redback
  3949 | D:5      | Noticed a vampire mosquito
  3951 | D:5      | Noticed a redback
  3994 | D:5      | Found an ornate altar of the Wu Jian Council.
  4120 | D:5      | Found an ancient bone altar of Kikubaaqudgha.
  4457 | D:1      | Bought a +0 helmet of intelligence for 126 gold pieces
  4457 | D:1      | Bought a +0 pair of gloves for 49 gold pieces
  4666 | D:6      | Noticed a troll
  4779 | D:6      | Killed a troll
  4780 | D:6      | Reached skill level 5 in Armour
  4780 | D:6      | Reached XP level 8. HP: 40/63 MP: 12/12
  4846 | D:6      | Noticed Duvessa
  4889 | D:6      | Killed Duvessa
  4892 | D:6      | Found a staircase to the Ecumenical Temple.
  5007 | D:6      | Noticed Dowan
  5024 | D:6      | Killed Dowan
  5136 | D:6      | Gained mutation: You passively map the area around you.
                  | [Deep Dwarf growth]
  5136 | D:6      | Reached XP level 9. HP: 33/69 MP: 14/14
  5294 | D:6      | Noticed a cyclops
  5417 | D:6      | Found a sparkling altar of Nemelex Xobeh.
  5440 | D:6      | Reached skill level 5 in Short Blades
  5501 | D:6      | Found a bloodstained altar of Trog.
  6024 | D:7      | Reached ***** piety under Fedhas
  6425 | D:7      | Found a snail-covered altar of Cheibriados.
  6426 | D:7      | Found Cheibriados's Comfort Zone.
  7160 | D:8      | Found a transporter.
  7163 | D:8      | Noticed siradein's ghost (novice DrFi)
  7198 | D:8      | Found a transporter.
  7267 | D:8      | Reached skill level 1 in Fighting
  7377 | D:8      | Found Raediuli's Magic Scroll Shop.
  7471 | D:8      | Bought a scroll of enchant weapon for 82 gold pieces
  7471 | D:8      | Bought 2 scrolls of teleportation for 66 gold pieces
  7471 | D:8      | Bought a scroll of blinking for 82 gold pieces
  7471 | D:8      | Bought a scroll of fear for 38 gold pieces
  7526 | D:8      | Found a hide-covered altar of Uskayaw.
  7753 | D:6      | Found a snail-covered altar of Cheibriados.
  7795 | D:6      | Hit by a large rock thrown by a cyclops

Illustrated notes

Levels and vault maps discovered:
D:1:      lightli_arrival_lavapool, layout_basic, serial_shops, shop,
          dreamdust_ecumenical_altar_statues
D:2:      layout_rooms
D:3:      layout_loops_corners, minmay_fountain_box
D:4:      layout_basic, grunt_ministairs_6
D:5:      layout_basic, grunt_ashenzari_visionary
          [grunt_ashenzari_visionary_swamp, grunt_ashenzari_visionary_spider],
          kiku_gazebo_garden_becter, nicolae_wu_jian_immortal_techniques,
          enter_ossuary_5
D:6:      layout_rooms, lightli_temple_of_fire,
          mainiacjoe_overflow_catwalk_spiral, minmay_temple_entry_statues,
          solitary_fountain, minmay_manual_moon, uniq_duvessa
D:7:      nicolae_BIG_FREAKIN_CUBE, layout_loops_ring, minmay_shop_chei,
          grunt_ministairs_15
D:8:      cheibrodos_steamvent, layout_basic, nicolae_uskayaw_dance_hall,
          gammafunk_ghost_stat_death, serial_shops, nicolae_shop_behind_doors

Skill      XL: |  1  2  3  4  5  6  7  8  9 |
---------------+----------------------------+-----
Armour         | 1 2 3 4 5 6 7 |  7.5
Crossbows      | 3 4 5 6 8 |  8.0
Maces & Flails | 1 |  1.1
Invocations    | 1 2 3 4 5 7 8 |  8.6
Short Blades   | 1 2 3 4 5 |  5.8
Fighting       | 1 |  1.0
Dodging        | |  2.3
Spellcasting   | |  1.0
Hexes          | |  2.4

Action                   |  1- 3 |  4- 6 |  7- 9 || total
-------------------------+-------+-------+-------++-------
Melee: Dagger            |    12 |    60 |   245 ||   317
       Whip              |    43 |    14 |       ||    57
       Punch             |       |       |     4 ||     4
 Fire: Hand crossbow     |    70 |    52 |   128 ||   250
Throw: Throwing net      |       |       |     2 ||     2
Invok: Wall of Briars    |       |       |     3 ||     3
 Abil: Heal Wounds       |       |       |     3 ||     3
Evoke: Wand              |       |       |     6 ||     6
  Use: Potion            |     1 |     4 |     8 ||    13
       Scroll            |       |     5 |     8 ||    13
 Stab: Sleeping          |       |     4 |       ||     4
Armor: Leather armour    |    30 |     2 |       ||    32
       Ring mail         |       |     7 |       ||     7
       Plate armour      |       |    16 |   200 ||   216
Dodge: Dodged            |    75 |    28 |   149 ||   252

Table legend: (Time is in decaauts)
 A = Elapsed time spent in this place.
 B = Non-inter-level travel time spent in this place.
 C = Inter-level travel time spent in this place.
 D = Time resting spent in this place.
 E = Time spent auto-exploring this place.
 F = Levels seen in this place.
 G = Mean time per level.
                   A        B        C        D        E       F      G
               +--------+--------+--------+--------+--------+-----+--------+
         Total |   7760 |   7276 |    484 |    692 |   3678 |   9 |  862.2 |
       Dungeon |   7407 |   6923 |    484 |    652 |   3603 |   8 |  925.9 |
       Ossuary |    353 |    353 |      0 |     40 |     75 |   1 |  353.0 |
               +--------+--------+--------+--------+--------+-----+--------+

Top non-repeatable levels by time:
     D:4: 1198 daAuts
     D:7: 1140 daAuts
     D:3: 971 daAuts
     D:6: 968 daAuts
     D:5: 931 daAuts
     D:8: 885 daAuts
     D:1: 883 daAuts
     D:2: 427 daAuts
 Ossuary: 353 daAuts
